MID
PEORIA CHIEFS @ WEST VIRGINIA POWER
08/11/2048
 
TOP OF THE 1ST
Peoria Chiefs batting - Pitching for West Virginia Power : RHP Jeff Crescimanno
Pitching: RHP Jeff Crescimanno
Batting: RHB Robby Hickman 0-0: Ball
1-0: Ball
2-0: Called Strike
2-1: Foul Ball, location: 2F
2-2: Ground out 4-3 (Groundball, 4M, EV 81.2 MPH)
Batting: RHB Tommy Tracy 0-0: Ball
1-0: Called Strike
1-1: Called Strike
1-2: Foul Ball, location: 2F
1-2: Foul Ball, location: 2F
1-2: Foul Ball, location: 2F
1-2: Ball
2-2: DOUBLE (Line Drive, 7LM, EV 99.4 MPH)
Batting: SHB Gerardo Macias 0-0: Ball
Passed Ball!
Tommy Tracy to third
1-0: Called Strike
1-1: Fly out, F8 (Flyball, 8LD, EV 95.6 MPH)
Runner from 3rd tags up, SCORES, throw by CF
Batting: LHB Dana McDonald 0-0: Called Strike
0-1: Foul Ball, location: 2F
0-2: Ball
1-2: Ball
2-2: Fly out, F8 (Flyball, 8LD, EV 101.2 MPH)
Top of the 1st over - 1 run, 1 hit, 0 errors, 0 left on base; Peoria 1 - West Virginia 0
BOTTOM OF THE 1ST
West Virginia Power batting - Pitching for Peoria Chiefs : LHP Nigel Turner
Pitching: LHP Nigel Turner
Batting: RHB Terrence Wilson 0-0: Ball
1-0: Called Strike
1-1: Foul Ball, location: 2F
1-2: Foul Ball, location: 2F
1-2: Foul Ball, location: 2F
1-2: Ground out 6-3 (Groundball, 6MD, EV 88.1 MPH)
Batting: SHB Curtis Thompson 0-0: Called Strike
0-1: Ball
1-1: Foul Ball, location: 2F
1-2: Foul Ball, location: 2F
1-2: Foul Ball, location: 2F
1-2: Strikes out swinging
Batting: RHB Brandon White 0-0: Ball
1-0: Ball
2-0: Foul Ball, location: 2F
2-1: Called Strike
2-2: DOUBLE (Flyball, 78D, EV 94.4 MPH)
Batting: RHB Jeff Edwards 0-0: Ball
1-0: Ball
2-0: DOUBLE (Flyball, 78D, EV 110.0 MPH)
Brandon White scores
Batting: LHB Joe Wise 0-0: Ground out 4-3 (Groundball, 4, EV 85.6 MPH)
Bottom of the 1st over - 1 run, 2 hits, 0 errors, 1 left on base; Peoria 1 - West Virginia 1
TOP OF THE 2ND
Peoria Chiefs batting - Pitching for West Virginia Power : RHP Jeff Crescimanno
Batting: RHB Jonathan Davis 0-0: Called Strike
0-1: Foul Ball, location: 2F
0-2: Ball
1-2: SINGLE (Flyball, 56D, EV 90.0 MPH)
Batting: RHB Kalidas Mishra 0-0: Foul Ball, location: 2F
0-1: Called Strike
0-2: Foul Ball, location: 2F
0-2: Ball
1-2: Ground out 6-3 (Groundball, P, EV 77.5 MPH)
Jonathan Davis to second
Batting: RHB Josh Broome 0-0: Ground out 4-3 (Groundball, 4, EV 85.0 MPH)
Jonathan Davis to third
Batting: RHB Edgar Landim 0-0: 2-RUN HOME RUN (Flyball, 78XD, EV 107.5 MPH), Distance : 406 ft
Batting: RHB Alex Melgoza 0-0: Swinging Strike
0-1: Called Strike
0-2: Ball
1-2: Foul Ball, location: 2F
1-2: SINGLE (Line Drive, 6MD, EV 94.4 MPH)
Batting: RHB Robby Hickman 0-0: Ball
1-0: Ball
2-0: Foul Ball, location: 2F
2-1: Ball
3-1: Base on Balls
Alex Melgoza to second
Batting: RHB Tommy Tracy 0-0: Ball
1-0: Called Strike
1-1: Fly out, F8 (Flyball, 78D, EV 83.1 MPH)
Top of the 2nd over - 2 runs, 3 hits, 0 errors, 2 left on base; Peoria 3 - West Virginia 1
BOTTOM OF THE 2ND
West Virginia Power batting - Pitching for Peoria Chiefs : LHP Nigel Turner
Batting: RHB Tim Moore 0-0: Fly out, F8 (Flyball, 8RD, EV 94.4 MPH)
Batting: RHB Killian Jones 0-0: Called Strike
0-1: SINGLE (Groundball, 4D, EV 101.2 MPH)
Batting: RHB Brian Moore 0-0: Called Strike
0-1: Foul Ball, location: 2F
0-2: Foul Ball, location: 2F
0-2: Ball
1-2: Foul Ball, location: 2F
1-2: Foul Ball, location: 2F
1-2: Ball
2-2: Strikes out swinging
Batting: RHB Seung-mun Kim 0-0: Ball
1-0: Fly out, F4 (Popup, 4, EV 56.9 MPH)
Bottom of the 2nd over - 0 runs, 1 hit, 0 errors, 1 left on base; Peoria 3 - West Virginia 1
TOP OF THE 3RD
Peoria Chiefs batting - Pitching for West Virginia Power : RHP Jeff Crescimanno
Batting: SHB Gerardo Macias 0-0: Called Strike
0-1: SINGLE (Flyball, 8RS, EV 101.2 MPH)
Batting: LHB Dana McDonald 0-0: Foul Ball, location: 2F
0-1: Foul Ball, location: 2F
0-2: Foul Ball, location: 2F
0-2: Strikes out looking
Batting: RHB Jonathan Davis 0-0: Called Strike
Gerardo Macias steals 2nd base
0-1: Ball
1-1: Ground out U3 (Groundball, 34S, EV 83.1 MPH)
Gerardo Macias to third
Batting: RHB Kalidas Mishra 0-0: Called Strike
0-1: Foul Ball, location: 2F
0-2: SINGLE (Groundball, 6MD, EV 105.6 MPH)
Gerardo Macias scores
Batting: RHB Josh Broome 0-0: Ball
1-0: Called Strike
1-1: Called Strike
Kalidas Mishra steals 2nd base
1-2: Foul Ball, location: 2F
1-2: Ball
2-2: Foul Ball, location: 2F
2-2: SINGLE (Line Drive, 78S, EV 111.9 MPH)
Kalidas Mishra to third
Batting: RHB Edgar Landim 0-0: Ball
Josh Broome steals 2nd, throwing error, E2
Kalidas Mishra scores
Josh Broome to third
1-0: Swinging Strike
1-1: Foul Ball, location: 2F
1-2: Ball
2-2: Foul Ball, location: 2F
2-2: Ball
3-2: Base on Balls
Batting: RHB Alex Melgoza 0-0: Ball
1-0: Called Strike
1-1: Foul Ball, location: 2F
1-2: Ball
2-2: Ball
3-2: Fly out, F8 (Flyball, 8LD, EV 89.4 MPH)
Top of the 3rd over - 2 runs, 3 hits, 1 error, 2 left on base; Peoria 5 - West Virginia 1
BOTTOM OF THE 3RD
West Virginia Power batting - Pitching for Peoria Chiefs : LHP Nigel Turner
Batting: RHB Terrence Wilson 0-0: Ball
1-0: Fly out, F9 (Line Drive, 9, EV 91.9 MPH)
Batting: SHB Curtis Thompson 0-0: Fly out, F7 (Flyball, 7D, EV 95.0 MPH)
Batting: RHB Brandon White 0-0: Fly out, F7 (Line Drive, 78M, EV 93.1 MPH)
Bottom of the 3rd over - 0 runs, 0 hits, 0 errors, 0 left on base; Peoria 5 - West Virginia 1
TOP OF THE 4TH
Peoria Chiefs batting - Pitching for West Virginia Power : RHP Jeff Crescimanno
Batting: RHB Robby Hickman 0-0: Foul Ball, location: 2F
0-1: Ball
1-1: Ball
2-1: Ball
3-1: Base on Balls
Batting: RHB Tommy Tracy 0-0: Fly out, F9 (Flyball, 89S, EV 92.5 MPH)
Batting: SHB Gerardo Macias 0-0: Ball
1-0: DOUBLE (Flyball, 78D, EV 103.1 MPH)
Robby Hickman to third
Pitching: RHP Dave Weinraub
Batting: LHB Dana McDonald 0-0: Ball
1-0: 3-RUN HOME RUN (Flyball, 9D, EV 97.5 MPH), Distance : 376 ft
Batting: RHB Jonathan Davis 0-0: Ball
1-0: Called Strike
1-1: Ball
2-1: Swinging Strike
2-2: Foul Ball, location: 2F
2-2: Fly out, F7 (Flyball, 78S, EV 95.0 MPH)
Batting: RHB Kalidas Mishra 0-0: Called Strike
0-1: Swinging Strike
0-2: Ball
1-2: Strikes out swinging
Top of the 4th over - 3 runs, 2 hits, 0 errors, 0 left on base; Peoria 8 - West Virginia 1
BOTTOM OF THE 4TH
West Virginia Power batting - Pitching for Peoria Chiefs : LHP Nigel Turner
Batting: RHB Jeff Edwards 0-0: Called Strike
0-1: Foul Ball, location: 2F
0-2: Fly out, F8 (Flyball, 8RD, EV 86.2 MPH)
Batting: LHB Joe Wise 0-0: Foul Ball, location: 2F
0-1: Ground out 3-1 (Groundball, 34, EV 102.5 MPH)
Batting: RHB Tim Moore 0-0: Ground out 5-3 (Groundball, 56S, EV 62.5 MPH)
Bottom of the 4th over - 0 runs, 0 hits, 0 errors, 0 left on base; Peoria 8 - West Virginia 1
TOP OF THE 5TH
Peoria Chiefs batting - Pitching for West Virginia Power : RHP Dave Weinraub
Batting: RHB Josh Broome 0-0: Ball
1-0: Foul Ball, location: 2F
1-1: Ball
2-1: Foul Ball, location: 2F
2-2: Foul Ball, location: 2F
2-2: Strikes out looking
Batting: RHB Edgar Landim 0-0: Called Strike
0-1: Ball
1-1: Ball
2-1: Ball
3-1: Swinging Strike
3-2: Strikes out swinging
Batting: RHB Alex Melgoza 0-0: Ball
1-0: Called Strike
1-1: Foul Ball, location: 2F
1-2: Ground out 5-3 (Groundball, 5S, EV 69.4 MPH)
Top of the 5th over - 0 runs, 0 hits, 0 errors, 0 left on base; Peoria 8 - West Virginia 1
BOTTOM OF THE 5TH
West Virginia Power batting - Pitching for Peoria Chiefs : LHP Nigel Turner
Batting: RHB Killian Jones 0-0: Ball
1-0: Ball
2-0: Ball
3-0: Base on Balls
Batting: RHB Brian Moore 0-0: Fielders Choice at 2nd, 3-6 (Groundball, 34, EV 79.4 MPH)
Batting: RHB Seung-mun Kim 0-0: Called Strike
0-1: Swinging Strike
0-2: Ball
1-2: Ball
2-2: Ball
3-2: Fly out, F8 (Flyball, 8LD, EV 89.4 MPH)
Batting: RHB Terrence Wilson 0-0: Swinging Strike
0-1: Ball
1-1: Called Strike
1-2: Ball
2-2: SINGLE (Groundball, 5D, EV 103.8 MPH)
Brian Moore to second
Batting: SHB Curtis Thompson 0-0: Reached on error, E3 (Groundball, 3, EV 79.4 MPH)
Brian Moore to third
Terrence Wilson to second
Batting: RHB Brandon White 0-0: Ball
1-0: Called Strike
1-1: Called Strike
1-2: Strikes out swinging
Bottom of the 5th over - 0 runs, 1 hit, 1 error, 3 left on base; Peoria 8 - West Virginia 1
TOP OF THE 6TH
Peoria Chiefs batting - Pitching for West Virginia Power : RHP Dave Weinraub
Batting: RHB Robby Hickman 0-0: Called Strike
0-1: Swinging Strike
0-2: Ball
1-2: Ball
2-2: Strikes out swinging
Batting: RHB Tommy Tracy 0-0: Foul Ball, location: 2F
0-1: Called Strike
0-2: Strikes out swinging
Batting: SHB Gerardo Macias 0-0: Called Strike
0-1: Foul Ball, location: 2F
0-2: Strikes out swinging
Top of the 6th over - 0 runs, 0 hits, 0 errors, 0 left on base; Peoria 8 - West Virginia 1
BOTTOM OF THE 6TH
West Virginia Power batting - Pitching for Peoria Chiefs : LHP Nigel Turner
Batting: RHB Jeff Edwards 0-0: Ball
1-0: Foul Ball, location: 2F
1-1: Foul Ball, location: 2F
1-2: Foul Ball, location: 2F
1-2: Ground out 5-3 (Groundball, 5, EV 108.8 MPH)
Batting: LHB Joe Wise 0-0: Foul Ball, location: 2F
0-1: Foul Ball, location: 2F
0-2: Ball
1-2: Foul Ball, location: 2F
1-2: Ball
2-2: Ball
3-2: Base on Balls
Batting: RHB Tim Moore 0-0: Fly out, F9 (Flyball, 9, EV 92.5 MPH)
Batting: RHB Killian Jones 0-0: Ball
1-0: Fielders Choice at 2nd, 5-4 (Groundball, 56, EV 98.8 MPH)
Bottom of the 6th over - 0 runs, 0 hits, 0 errors, 1 left on base; Peoria 8 - West Virginia 1
TOP OF THE 7TH
Peoria Chiefs batting - Pitching for West Virginia Power : RHP Dave Weinraub
Batting: LHB Dana McDonald 0-0: Called Strike
0-1: Swinging Strike
0-2: Hit by Pitch
Batting: RHB Jonathan Davis 0-0: Swinging Strike
0-1: Ball
1-1: Ball
2-1: Foul Ball, location: 2F
2-2: SINGLE (Groundball, 56D, EV 101.9 MPH)
Dana McDonald to second
Batting: RHB Kalidas Mishra 0-0: Foul Ball, location: 2F
0-1: Foul Ball, location: 2F
0-2: Foul Ball, location: 2F
0-2: Ball
1-2: Ball
2-2: Strikes out swinging
Pitching: RHP Kevin Beury
Batting: RHB Josh Broome 0-0: Foul Ball, location: 2F
0-1: Ball
1-1: Called Strike
1-2: Reached on error, E5 (Groundball, 56S, EV 72.5 MPH)
Dana McDonald scores
Jonathan Davis to third
Batting: RHB Edgar Landim 0-0: Foul Ball, location: 2F
0-1: SINGLE (Groundball, 56D, EV 105.0 MPH)
Jonathan Davis scores
Josh Broome to third
Runner from 3rd tries for Home, SAFE, throw by LF to home
Batting: RHB Alex Melgoza 0-0: Called Strike
0-1: Called Strike
0-2: Foul Ball, location: 2F
0-2: Strikes out swinging
Batting: RHB Robby Hickman 0-0: Swinging Strike
0-1: Fly out, F7 (Flyball, 7LS, EV 88.1 MPH)
Top of the 7th over - 3 runs, 2 hits, 1 error, 1 left on base; Peoria 11 - West Virginia 1
BOTTOM OF THE 7TH
West Virginia Power batting - Pitching for Peoria Chiefs : LHP Nigel Turner
Batting: RHB Brian Moore 0-0: Called Strike
0-1: Called Strike
0-2: Ball
1-2: Ball
2-2: Foul Ball, location: 2F
2-2: Foul Ball, location: 2F
2-2: Strikes out swinging
Batting: RHB Seung-mun Kim 0-0: Called Strike
0-1: Foul Ball, location: 2F
0-2: Ball
1-2: Ball
2-2: Foul Ball, location: 2F
2-2: Strikes out swinging
Batting: RHB Terrence Wilson 0-0: Ball
1-0: Foul Ball, location: 2F
1-1: Ball
2-1: Ball
3-1: Called Strike
3-2: Foul Ball, location: 2F
3-2: Strikes out looking
Bottom of the 7th over - 0 runs, 0 hits, 0 errors, 0 left on base; Peoria 11 - West Virginia 1
TOP OF THE 8TH
Peoria Chiefs batting - Pitching for West Virginia Power : RHP Kevin Beury
Batting: RHB Tommy Tracy 0-0: Swinging Strike
0-1: Foul Ball, location: 2F
0-2: SINGLE (Groundball, 6MD, EV 98.8 MPH)
Batting: SHB Gerardo Macias 0-0: Called Strike
0-1: Called Strike
0-2: Ball
1-2: Strikes out looking
Batting: LHB Dana McDonald 0-0: Ball
1-0: 2-RUN HOME RUN (Flyball, 9D, EV 101.2 MPH), Distance : 373 ft
Batting: RHB Jonathan Davis 0-0: Fly out, F9 (Flyball, 9LS, EV 85.6 MPH)
Batting: RHB Kalidas Mishra 0-0: Foul Ball, location: 2F
0-1: Foul Ball, location: 2F
0-2: Strikes out swinging
Top of the 8th over - 2 runs, 2 hits, 0 errors, 0 left on base; Peoria 13 - West Virginia 1
BOTTOM OF THE 8TH
West Virginia Power batting - Pitching for Peoria Chiefs : LHP Nigel Turner
Pinch Hitting: RHB John DeVillier 0-0: Ball
1-0: Called Strike
1-1: Ball
2-1: Called Strike
2-2: Foul Ball, location: 2F
2-2: Ground out 6-3 (Groundball, 6, EV 86.9 MPH)
Batting: RHB Brandon White 0-0: Called Strike
0-1: Ground out 5-3 (Groundball, 5S, EV 61.9 MPH)
Batting: RHB Jeff Edwards 0-0: Ball
1-0: Fly out, F8 (Line Drive, 8RD, EV 88.1 MPH)
Bottom of the 8th over - 0 runs, 0 hits, 0 errors, 0 left on base; Peoria 13 - West Virginia 1
TOP OF THE 9TH
Peoria Chiefs batting - Pitching for West Virginia Power : RHP Kevin Beury
Now at 2B: John DeVillier
Batting: RHB Josh Broome 0-0: Foul Ball, location: 2F
0-1: Ball
1-1: Foul Ball, location: 2F
1-2: SINGLE (Groundball, 56S, EV 66.2 MPH) (infield hit)
Batting: RHB Edgar Landim 0-0: Fly out, F6 (Popup, 56D, EV 56.9 MPH)
Batting: RHB Alex Melgoza 0-0: Ball
1-0: Foul Ball, location: 2F
1-1: Ball
2-1: Ball
3-1: Fly out, F9 (Line Drive, 9, EV 93.1 MPH)
Batting: RHB Robby Hickman 0-0: Fielders Choice at 2nd, 5-4 (Groundball, 5, EV 85.6 MPH)
Top of the 9th over - 0 runs, 1 hit, 0 errors, 1 left on base; Peoria 13 - West Virginia 1
BOTTOM OF THE 9TH
West Virginia Power batting - Pitching for Peoria Chiefs : LHP Nigel Turner
Pitching: LHP Vince Zujovic
Batting: LHB Joe Wise 0-0: Fly out, F8 (Flyball, 8LD, EV 106.9 MPH)
Batting: RHB Tim Moore 0-0: Ball
1-0: Ball
2-0: Ball
3-0: Called Strike
3-1: Fly out, F7 (Line Drive, 7S, EV 88.1 MPH)
Batting: RHB Killian Jones 0-0: Fly out, F8 (Flyball, 8LXD, EV 88.8 MPH)
Bottom of the 9th over - 0 runs, 0 hits, 0 errors, 0 left on base; Peoria 13 - West Virginia 1
Tuesday, March 28th , 2023 - OOTP Baseball 23.10 Build 110